 Dungeon Crawl Stone Soup version 0.29.1-13-g9f3cf754e1 (webtiles) character file.

Game seed: 1055706415761583542

191 MisterFreud the Twirler (level 6, 0/69 HPs)
             Began as a Formicid Gladiator on Jan 28, 2023.
             Was an Initiate of Yredelemnul.
             Slain by an iguana (5 damage)
             ... in the Ecumenical Temple.
             The game lasted 00:03:58 (3400 turns).

MisterFreud the Twirler (Formicid Gladiator)        Turns: 3400, Time: 00:03:58

Health: 0/69       AC: 23    Str: 20    XL:     6   Next: 1%
Magic:  6/6        EV:  2    Int:  8    God:    Yredelemnul [......]
Gold:   139        SH:  0    Dex: 21    Spells: 5/5 levels left

rFire   . . .      SeeInvis .   a - +0 quarterstaff
rCold   . . .      Faith    .   (no shield)
rNeg    . . .      Spirit   .   (body armour currently unavailable)
rPois   +          Reflect  .   (helmet unavailable)
rElec   .          Harm     .   (cloak currently unavailable)
rCorr   .          Rampage  .   (gloves currently unavailable)
Will    +....                   (boots currently unavailable)
Stlth   ++........              (no amulet)
HPRegen 0.21/turn               o - +6 ring of dexterity
MPRegen 0.10/turn               t - ring of willpower

@: tree-form
A: stationary, stasis, torment immunity, boosted hp, permanent stasis, dig
shafts and tunnels, (antennae 3), four strong arms
a: Renounce Religion, Recall Undead Harvest


You were in the Ecumenical Temple.
You worshipped Yredelemnul.
Yredelemnul was noncommittal.
You were a tree.
You visited 2 branches of the dungeon, and saw 5 of its levels.

You collected 139 gold pieces.

Inventory:

Hand Weapons
 a - a +0 quarterstaff (weapon)
Missiles
 c - 4 throwing nets (quivered)
 d - a javelin
 g - 3 boomerangs
 p - 6 poisoned darts
Armour
 b - a +0 leather armour (melded)
 f - a +0 pair of gloves (melded)
Jewellery
 e - a ring of fire
 o - a +6 ring of dexterity (left branch)
 t - a ring of willpower (right branch)
Scrolls
 l - a scroll of fear
 m - 2 scrolls of identify
 r - a scroll of magic mapping {unknown}
 s - a scroll of enchant weapon {unknown}
Potions
 h - a potion of magic {unknown}
 i - a potion of ambrosia {unknown}
 j - 3 potions of brilliance
 k - a potion of cancellation {unknown}
 n - a potion of lignification
 q - a potion of resistance {unknown}


   Skills:
 + Level 2.8 Fighting
 - Level 6.0 Staves
 - Level 2.0 Throwing
 + Level 0.1 Armour
 - Level 2.6 Dodging


You had 5 spell levels left.
You didn't know any spells.
Your spell library contained the following spells:

 Spells                   Type           Power      Damage    Failure   Level
 Gell's Gravitas          Tloc           0%         N/A       78%         3
 Teleport Other           Tloc           0%         N/A       78%         3
 Dispersal                Tloc           0%         N/A       100%        6


Dungeon Overview and Level Annotations

Branches:
Dungeon (4/15)             Temple (1/1) D:4

Altars:
Cheibriados
Okawaru
Qazlal
Uskayaw
Xom
Yredelemnul
Zin

Shops:
D:3 :

Annotations:
D:3 3 runed translucent doors, jombi's ghost, weakling DsTm


Innate Abilities, Weirdness & Mutations

You are a tree.
Your roots penetrate the ground, keeping you stationary.
You cannot be teleported.
You are immune to unholy pain and torment.
Your maximum health is greatly increased.
Your equipment is partially melded.
You cannot be hasted, slowed, berserked, paralysed or teleported.
You can dig through walls and to a lower floor.
((You have a pair of large antennae on your head. (SInv)))
Your four strong arms can wield two-handed weapons with a shield.


Message History

The adder zombie bites you but does no damage.
The iguana hisses menacingly.
There is a staircase to the Ecumenical Temple here.
You thump the adder zombie!
You destroy the adder zombie!
A hound zombie comes into view.
You have reached level 6!
You can't go up here!
The iguana bites you.
You climb downwards.
Welcome back to the Ecumenical Temple!
There is a staircase back to the Dungeon here.
You closely miss the iguana. The iguana bites you!
You hit the iguana.
The iguana is moderately wounded.
The iguana bites you!
You are too injured to fight recklessly!
You are too injured to fight recklessly!
You are too injured to fight recklessly!
You closely miss the iguana.
The iguana is moderately wounded.
The iguana misses you.
You closely miss the iguana.
The iguana is moderately wounded.
The iguana bites you!
You hit the iguana.
The iguana is moderately wounded.
The iguana misses you.
You closely miss the iguana.
The iguana is moderately wounded.
The iguana bites you!
* * * LOW HITPOINT WARNING * * *
You closely miss the iguana.
The iguana is moderately wounded.
The iguana closely misses you.
It was a potion of lignification.
You turn into a tree.
Your +0 pair of gloves melds into your body.
Your +0 leather armour melds into your body.
Your roots penetrate the ground.
The iguana bites you.
You die...
Your body rises from the dead as a mindless zombie.

......._.............#
≈≈...........≈≈......#
≈≈≈≈≈.....≈≈≈≈≈.._..##
.≈≈≈≈≈≈.≈≈≈≈≈≈......#
.≈≈≈≈≈...≈≈≈≈≈......#
.≈≈≈≈.....≈≈≈≈.....##
..≈≈.......≈≈......#
..≈.........≈......#
.......♣......._..##
..≈.....l...≈......
..≈≈.......≈≈......#
.≈≈≈≈.....≈≈≈≈.....#
.≈≈≈≈≈...≈≈≈≈≈......
.≈≈≈≈≈≈.≈≈≈≈≈≈......
≈≈≈≈≈.....≈≈≈≈≈.._..#
≈≈...........≈≈


You could see an iguana.

Vanquished Creatures
  A phantom (D:4)
  3 adders (D:2)
  An adder zombie (D:4)
  A worm (D:3)
  5 dart slugs
  2 orcs (D:3)
  6 endoplasms
  4 giant cockroaches
  7 goblins
  6 hobgoblins
  4 quokkas
  6 ball pythons
  8 bats
  2 frilled lizards
  8 kobolds
  4 rats
68 creatures vanquished.

Vanquished Creatures (others)
  2 plants (D:4)
2 creatures vanquished.

Grand Total: 70 creatures vanquished

Notes
Turn   | Place    | Note
-------+----------+-------------------------------------------
     0 | D:1      | MisterFreud the Formicid Gladiator began the quest for the
                  | Orb.
     0 | D:1      | Reached XP level 1. HP: 16/16 MP: 1/1
   163 | D:1      | Reached XP level 2. HP: 20/22 MP: 2/2
   187 | D:1      | Found a faded altar of an unknown god.
   542 | D:1      | Reached skill level 4 in Staves
   542 | D:1      | Reached XP level 3. HP: 27/27 MP: 3/3
  1355 | D:2      | Reached XP level 4. HP: 33/33 MP: 4/4
  1839 | D:2      | Reached skill level 5 in Staves
  2098 | D:3      | Found a runed translucent gate.
  2098 | D:3      | Found a runed translucent gate.
  2098 | D:3      | Found a runed translucent gate.
  2236 | D:3      | Reached XP level 5. HP: 31/38 MP: 5/5
  2668 | D:3      | Found Weptudorch's Book Shop.
  2717 | D:3      | Noticed jombi's ghost (weakling DsTm)
  2765 | D:3      | Noticed an ogre
  3042 | D:4      | Found a staircase to the Ecumenical Temple.
  3068 | Temple   | Entered the Ecumenical Temple
  3112 | Temple   | Became a worshipper of Yredelemnul the Dark
  3132 | D:4      | Noticed a phantom
  3145 | D:4      | Killed a phantom
  3146 | D:4      | Reached skill level 6 in Staves
  3389 | D:4      | Reached XP level 6. HP: 46/46 MP: 6/6
  3400 | Temple   | Slain by an iguana

Illustrated notes

Levels and vault maps discovered:
D:1:      giann_horns, layout_rooms, chequers_ecumenical_altar_simple_redux
D:2:      layout_loops_ring, wander_ebering_terrifying_dragon_lair
D:3:      minmay_octagon_keep, layout_basic, serial_shops, nicolae_shop_crystal,
          gammafunk_ghost_icy, kennysheep_decorative_pillar,
          kennysheep_generic_room_12
D:4:      layout_basic, tso_oasis_becter, nicolae_sif_muna_condensation,
          minmay_temple_entry_junction_2, serial_undead, serial_undead_b,
          serial_undead_f, serial_undead_d, serial_undead_a, serial_shops,
          nicolae_shop_advertising_works [nicolae_subvault_shop_adworks]
Temple:   nicolae_temple_superstar

Skill      XL: |  1  2  3  4  5 |
---------------+----------------+-----
Staves         | 4 5 6 |  6.0
Fighting       | |  2.8
Throwing       | |  2.0
Armour         | |  0.1
Dodging        | |  2.6

Action                   |  1- 3 |  4- 6 || total
-------------------------+-------+-------++-------
Melee: Quarterstaff      |    92 |   107 ||   199
       Punch             |     4 |     2 ||     6
  Use: Scroll            |     3 |     2 ||     5
       Potion            |       |     1 ||     1
 Stab: Sleeping          |       |     4 ||     4
Armor: Leather armour    |    25 |    26 ||    51
Dodge: Dodged            |    77 |    52 ||   129
